 Dungeon Crawl Stone Soup version 0.17-a0-186-g8d083fd (webtiles) character file.

33919 Tabbe the Eclecticist (level 13, -4/63 HPs)
             Began as a Deep Elf Wizard on Mar 25, 2015.
             Was a High Priest of Vehumet.
             Slain by a fire crab (15 damage)
             ... on level 6 of the Lair of Beasts on Mar 26, 2015.
             The game lasted 01:07:16 (16466 turns).

Tabbe the Eclecticist (Deep Elf Wizard)            Turns: 16466, Time: 01:07:16

Health: -4/63      AC:  8    Str:  4    XL:     13   Next: 39%
Magic:  14/38      EV: 12    Int: 29    God:    Vehumet [*****.]
Gold:   541        SH:  0    Dex: 13    Spells: 13 memorised, 4 levels left

rFire  . . .     SeeInvis .     b - +0 blowgun
rCold  . . .     Clarity  .     A - +2 robe "Counwysh" {Regen+ rCorr}
rNeg   . . .     SustAb   .     (no shield)
rPois  .         Gourm    .     r - +2 hat
rElec  .         Spirit   .     (no cloak)
rCorr  +         Warding  .     E - +0 pair of gloves
rMut   .         Stasis   .     T - +0 pair of boots
MR     +....                    O - amulet of inaccuracy (curse)
Stlth  +++++.....               f - +4 ring of slaying
                                D - ring of stealth

@: repel missiles, somewhat resistant to hostile enchantments, quite stealthy
A: antennae 1, breathe flames 1, regeneration 1
a: Renounce Religion, Breathe Fire


You were on level 6 of the Lair of Beasts.
You worshipped Vehumet.
Vehumet was extremely pleased with you.
You were very hungry.

You visited 3 branches of the dungeon, and saw 18 of its levels.
You also visited: Ice Cave.

You collected 884 gold pieces.
You spent 343 gold pieces at shops.

Inventory:

Hand weapons
 a - a +2 mace of protection
 b - a +0 blowgun (weapon)
 Q - the +4 hand crossbow "Ofoxisets" {penet, MR++ Str-2}
   (You found it on level 11 of the Dungeon)

   Ammo fired by it will pass through the targets it hits, potentially hitting
   all targets in its path until it reaches maximum range.
   It affects your strength (-2).
   It affects your resistance to hostile enchantments.
Missiles
 i - 21 poisoned needles (quivered)
Armour
 r - a +2 hat (worn)
 A - the +2 robe "Counwysh" (worn) {Regen+ rCorr}
   (You found it on level 8 of the Dungeon)

   It increases your rate of regeneration.
   It protects you from acid and corrosion.
 E - a +0 pair of gloves (worn)
 T - a +0 pair of boots (worn)
Jewellery
 f - a +4 ring of slaying (right hand)
 g - an uncursed ring of flight
 s - an uncursed amulet of clarity {unknown}
 D - a ring of stealth (left hand)
 K - an uncursed amulet of stasis {unknown}
 O - a cursed amulet of inaccuracy (around neck)
 U - an uncursed ring of fire
Magical devices
 y - a wand of polymorph (10)
 C - a wand of digging (7)
 H - a wand of fireball (0)
 N - a wand of cold (0)
 V - a wand of fire (0)
 W - a wand of enslavement (7)
 Z - a wand of slowing (20)
Scrolls
 o - 6 scrolls of identify
 q - 5 scrolls of teleportation
 t - 6 scrolls of enchant armour
 u - a scroll of vulnerability
 x - 2 scrolls of blinking
 J - 2 scrolls of magic mapping
 P - a scroll of immolation
 Y - 2 scrolls of amnesia
Potions
 e - 11 potions of curing
 j - 7 potions of heal wounds
 m - a potion of lignification
 n - 3 potions of cancellation
 w - a potion of flight
 F - a potion of resistance
 G - a potion of berserk rage
 I - a potion of might
 L - 2 potions of brilliance
 S - 3 potions of cure mutation
Books
 c - a book of Minor Magic

   Spells                             Type                      Level
   a - Magic Dart                     Conjuration                  1
   b - Blink                          Translocation                2
   c - Call Imp                       Summoning                    2
   d - Repel Missiles                 Charms/Air                   2
   e - Slow                           Hexes                        2
   f - Conjure Flame                  Conjuration/Fire             3
   g - Mephitic Cloud                 Conjuration/Poison/Air       3
 v - a book of Dreams

   Spells                             Type                      Level
   a - Ensorcelled Hibernation        Hexes/Ice                    2
   b - Flight                         Charms/Air                   3
   c - Phase Shift                    Translocation                5
   d - Shadow Creatures               Summoning                    5
   e - Mass Confusion                 Hexes                        6
   f - Darkness                       Hexes                        7
 z - a book of Flames

   Spells                             Type                      Level
   a - Flame Tongue                   Conjuration/Fire             1
   b - Throw Flame                    Conjuration/Fire             2
   c - Conjure Flame                  Conjuration/Fire             3
   d - Inner Flame                    Hexes/Fire                   3
   e - Sticky Flame                   Conjuration/Fire             4
   f - Fireball                       Conjuration/Fire             5
 B - a book of Control

   Spells                             Type                      Level
   a - Control Teleport               Charms/Translocation         4
   b - Control Undead                 Necromancy                   4
   c - Enslavement                    Hexes                        4
   d - Metabolic Englaciation         Hexes/Ice                    5
   e - Mass Confusion                 Hexes                        6
 X - a book of the Warp

   Spells                             Type                      Level
   a - Recall                         Summoning/Translocation      3
   b - Control Teleport               Charms/Translocation         4
   c - Force Lance                    Conjuration/Translocation    4
   d - Phase Shift                    Translocation                5
   e - Warp Weapon                    Charms/Translocation         5
   f - Gell's Gravitas                Hexes/Translocation          5
   g - Summon Forest                  Summoning/Translocation      5
Comestibles
 d - 16 bread rations
 h - 8 fruits
 k - 2 slices of pizza
 p - 6 meat rations
 R - 2 beef jerkies


   Skills:
 - Level 2.4 Dodging
 - Level 9.8 Stealth
 + Level 15.8 Spellcasting
 + Level 13.4 Conjurations
 + Level 8.5 Hexes
 - Level 7.1 Charms
 - Level 5.5 Summonings
 + Level 6.8 Translocations
 - Level 7.3 Fire Magic


You had 4 spell levels left.
You knew the following spells:

 Your Spells              Type           Power        Failure   Level  Hunger
a - Flame Tongue          Conj/Fire      #####        1%          1    None
b - Blink                 Tloc           N/A          1%          2    None
c - Call Imp              Summ           ######..     1%          2    None
d - Repel Missiles        Chrm/Air       #####.       1%          2    None
e - Slow                  Hex            ######..     1%          2    None
f - Conjure Flame         Conj/Fire      ######..     1%          3    None
g - Mephitic Cloud        Conj/Pois/Air  #####...     1%          3    None
h - Magic Dart            Conj           ####         0%          1    None
i - Fireball              Conj/Fire      ######....   1%          5    None
j - Control Teleport      Chrm/Tloc      ######....   1%          4    None
k - Shadow Creatures      Summ           N/A          8%          5    None
l - Gell's Gravitas       Hex/Tloc       ######....   2%          5    None
s - Sticky Flame          Conj/Fire      ######..     1%          4    None


Dungeon Overview and Level Annotations

Branches:
Dungeon (11/15)            Temple (1/1) D:4            Lair (6/8) D:11
 Shoals (0/5) Lair:3       Spider (0/5) Lair:5
  Slime: Lair:6-8       Orc: D:9-12

Altars:
Ashenzari
Cheibriados
Dithmenos
Elyvilon
Fedhas
Gozag
Kikubaaqudgha
Makhleb
Nemelex Xobeh
Okawaru
Qazlal
Ru
Sif Muna
Trog
Vehumet
Xom
Yredelemnul
Zin
The Shining One

Shops:
D:4 *   D:6 ?   D:7 !


Innate Abilities, Weirdness & Mutations

You have a pair of small antennae on your head.
You can breathe flames.
Your natural rate of healing is unusually fast.


Message History

Casting: Sticky Flame
Confirm with . or Enter, or press ? or * to list all spells.
Wisps of shadow whirl around you...
Unknown command.
What do you say? t - Shout!
Orders for allies: a - Attack new target. r - Retreat! s - Stop attacking. w - Wait here. f - Follow me.
Anything else - Stay silent.
Gang up on whom?
Press: ? - help, Dir - move target cursor, f - fire crab
Aim: a fire crab Attack!
The blink frog blinks!
The fire crab bites you!
You are engulfed in flames!
* * * LOW HITPOINT WARNING * * *
The fire crab claws you.
* * * LOW HITPOINT WARNING * * *
You are engulfed in flames!
You die...

### **,........... ##.#
**..P.P#..... ###.##
###,**#........ ***
**#....###.### ##.#..... ,,*****
#F#....§.F...# **##....
,,,,,,***#...PP.##....# #.<...
,,,,,,,*#.......##..P## ##.....
,,,,,,,..†....#.†#...P# #......
,,,,,,,.......§.@tF.### #......
,,,,,,,,....#...#r.#.# ###P....
,,,,***,,[..#..####.######P#P....
,,,,,,*,,,,*##.** ##.#.........P#
,,,,,,,,,,** #,,* ##............
,,,,,,,,,,,* *,****##............
,,**,,,,,,,***,**,,#.........##..
******,***,,*,,,,*....#.....#####
*** ****,,,...#...#...P##.##


You could see a fire crab, 2 blink frogs and a friendly porcupine.

Vanquished Creatures
  The ghost of karlm the Basher, a powerful OgHu of Okawaru (D:8)
  3 hydras
  3 ice devils (IceCv)
  2 ice statues (IceCv)
  2 hill giants
  2 griffons (Lair:4)
  A manticore (D:10)
  An ugly thing (D:9)
  Joseph (D:7)
  4 black mambas
  5 spiny frogs
  5 komodo dragons
  2 fire drakes
  The ghost of karlm the Conjurer, an average NaWz (D:4)
  7 blue devils (IceCv)
  23 blink frogs
  A boulder beetle (Lair:5)
  2 basilisks (Lair:5)
  A snapping turtle (Lair:3)
  A spriggan (D:9)
  3 trapdoor spiders (Lair:5)
  2 wyverns
  Eustachio (D:9)
  17 yaks
  2 hungry ghosts
  4 hippogriffs
  A deep elf fighter (D:11)
  8 wolves
  8 water moccasins
  6 porcupines
  An eye of draining (D:8)
  5 ogres
  A phantom (D:8)
  A sky beast (D:6)
  5 orc warriors
  A black bear (D:10)
  3 centaurs
  8 crocodiles
  16 ice beasts
  A boring beetle (Lair:3)
  17 giant frogs
  A scorpion (D:10)
  A wyvern skeleton (D:9)
  2 killer bees (D:10)
  16 wights
  5 crimson imps
  4 electric eels
  3 goliath beetles
  2 orc priests
  2 giant frog zombies
  4 hounds
  7 jellies
  A centaur skeleton (D:5)
  7 orc wizards
  A giant frog skeleton (D:5)
  A hell rat (Lair:1)
  2 water moccasin simulacra (D:8)
  4 worker ants
  A killer bee zombie (D:7)
  20 sheep
  A giant frog simulacrum (D:8)
  A hound skeleton (D:5)
  A mummy (D:8)
  A worker ant zombie (D:7)
  9 gnolls
  A hound simulacrum (D:8)
  9 river rats
  4 shadow imps
  14 adders
  5 giant mites
  A worker ant simulacrum (D:8)
  8 ufetubi
  4 white imps
  7 worms
  2 adder zombies
  2 adder skeletons
  19 orcs
  A bat skeleton (D:4)
  A bat zombie (D:7)
  6 giant cockroaches
  15 hobgoblins
  15 jackals
  9 quokkas
  27 bats
  7 giant geckos
  7 giant newts
  13 goblins
  15 kobolds
  37 rats
  A butterfly (Lair:5)
  A fungus (Lair:6)
  2 plants
  4 toadstools (D:1)
513 creatures vanquished.

Vanquished Creatures (collateral kills)
  2 ufetubi (IceCv)
  An orc (D:9)
3 creatures vanquished.

Vanquished Creatures (others)
  The ghost of xeno23 the Geomancer, a powerful DrWz of Vehumet (IceCv)
  A crimson imp (D:8)
  A white imp (D:4)
  2 shadow imps
  8 ufetubi (IceCv)
  3 toadstools (D:1)
16 creatures vanquished.

Grand Total: 532 creatures vanquished

Notes
Turn   | Place    | Note
--------------------------------------------------------------
     0 | D:1      | Tabbe, the Deep Elf Wizard, began the quest for the Orb.
     0 | D:1      | Reached XP level 1. HP: 10/10 MP: 6/6
   277 | D:1      | Reached XP level 2. HP: 12/15 MP: 1/9
   788 | D:1      | Reached skill level 5 in Spellcasting
   788 | D:1      | Reached XP level 3. HP: 11/19 MP: 0/14
   917 | D:2      | Learned a level 2 spell: Blink
   920 | D:2      | Learned a level 2 spell: Call Imp
   923 | D:2      | Learned a level 2 spell: Repel Missiles
   926 | D:2      | Learned a level 2 spell: Slow
   930 | D:2      | Learned a level 3 spell: Conjure Flame
  1380 | D:2      | Found an opulent altar of Gozag.
  1528 | D:2      | Reached XP level 4. HP: 24/24 MP: 13/17
  1629 | D:2      | Found a shimmering altar of Xom.
  1924 | D:3      | Found a white marble altar of Elyvilon.
  2024 | D:3      | Reached skill level 6 in Spellcasting
  2477 | D:3      | Reached XP level 5. HP: 28/28 MP: 18/20
  2612 | D:4      | Found a staircase to the Ecumenical Temple.
  2668 | Temple   | Entered the Ecumenical Temple
  2705 | Temple   | Became a worshipper of Vehumet
  2917 | D:4      | Noticed karlm's ghost (average NaWz)
  2944 | D:4      | Killed karlm's ghost
  2944 | D:4      | Reached skill level 7 in Spellcasting
  2944 | D:4      | Reached XP level 6. HP: 28/32 MP: 6/23
  3065 | D:4      | Found Fraef's General Store.
  3074 | D:4      | Bought a potion of curing for 39 gold pieces
  3074 | D:4      | Bought a scroll of enchant armour for 97 gold pieces
  3114 | D:4      | Learned a level 3 spell: Mephitic Cloud
  3354 | D:5      | Entered Level 5 of the Dungeon
  3388 | D:5      | Reached skill level 5 in Conjurations
  3476 | D:5      | Found a shattered altar of Ashenzari.
  3501 | D:5      | Reached XP level 7. HP: 36/36 MP: 19/25
  3514 | D:5      | Acquired Vehumet's first power
  3514 | D:5      | Offered knowledge of Sandblast by Vehumet.
  3684 | D:5      | Learned a level 1 spell: Flame Tongue
  3690 | D:5      | Learned a level 5 spell: Fireball
  3736 | D:5      | Reached skill level 5 in Stealth
  3745 | D:5      | Reached skill level 1 in Fire Magic
  3795 | D:5      | Reached skill level 8 in Spellcasting
  3883 | D:5      | Found a glowing silver altar of Zin.
  4143 | D:6      | Found Twuric's Magic Scroll Shoppe.
  4148 | D:6      | Bought a scroll of blinking for 97 gold pieces
  4198 | D:6      | Gained mutation: You have a pair of small antennae on your head. [mutagenic meat]
  4199 | D:6      | Gained mutation: You can breathe flames. [mutagenic meat]
  4200 | D:6      | Gained mutation: Your natural rate of healing is unusually fast. [mutagenic meat]
  4421 | D:6      | Reached XP level 8. HP: 35/41 MP: 19/27
  4634 | D:6      | Offered knowledge of Freeze by Vehumet.
  4837 | D:7      | Reached skill level 9 in Spellcasting
  5029 | D:7      | Found Coptiot's Distillery.
  5044 | D:7      | Bought 2 potions of heal wounds for 110 gold pieces
  5273 | D:7      | Learned a level 4 spell: Sticky Flame
  5326 | D:7      | Reached XP level 9. HP: 45/45 MP: 16/29
  5328 | D:7      | Offered knowledge of Stone Arrow by Vehumet.
  5483 | D:7      | Reached skill level 10 in Spellcasting
  5587 | D:7      | Noticed Joseph
  5595 | D:7      | Killed Joseph
  5595 | D:7      | Acquired Vehumet's second power
  5595 | D:7      | Reached skill level 5 in Fire Magic
  5816 | D:7      | Noticed a hill giant
  5837 | D:7      | Killed a hill giant
  6082 | D:8      | Noticed karlm's ghost (powerful OgHu)
  6084 | D:8      | Offered knowledge of Dazzling Spray by Vehumet.
  6091 | D:8      | Killed karlm's ghost
  6091 | D:8      | Reached skill level 11 in Spellcasting
  6091 | D:8      | Reached XP level 10. HP: 37/50 MP: 3/32
  6092 | D:8      | Upgraded the game from 0.17-a0-155-g14e20c2 to 0.17-a0-186-g8d083fd
  6514 | D:8      | Got a dull robe
  6607 | D:8      | Found a sparkling altar of Nemelex Xobeh.
  6652 | D:8      | Identified the +2 robe "Counwysh" {Regen+ rCorr} (You found it on level 8 of the Dungeon)
  6926 | D:8      | Acquired Vehumet's third power
  7206 | D:8      | Reached skill level 12 in Spellcasting
  7281 | D:8      | Offered knowledge of Ignite Poison by Vehumet.
  7503 | D:9      | Found a sacrificial altar of Ru.
  7539 | D:9      | Reached skill level 10 in Conjurations
  8084 | D:9      | Noticed a green ugly thing
  8103 | D:9      | Noticed Eustachio
  8252 | D:9      | Killed Eustachio
  8593 | D:9      | Learned a level 4 spell: Control Teleport
  8599 | D:9      | Learned a level 5 spell: Shadow Creatures
  8632 | D:9      | Reached skill level 13 in Spellcasting
  8680 | D:9      | Killed a green ugly thing
  8680 | D:9      | Reached skill level 1 in Charms
  8680 | D:9      | Reached XP level 11. HP: 54/54 MP: 23/34
  8843 | D:10     | Entered Level 10 of the Dungeon
  8957 | D:10     | Offered knowledge of Bolt of Magma by Vehumet.
  9009 | D:10     | Noticed a hill giant
  9023 | D:10     | Killed a hill giant
  9264 | D:10     | Found a sparkling altar of Nemelex Xobeh.
  9486 | D:11     | Got a translucent hand crossbow
  9488 | D:11     | Identified the +4 hand crossbow "Ofoxisets" {penet, MR++ Str-2} (You found it on level 11 of the Dungeon)
  9718 | D:11     | Found a staircase to the Lair.
  9736 | Lair:1   | Entered Level 1 of the Lair of Beasts
  9896 | Lair:1   | Reached skill level 5 in Charms
 10269 | Lair:1   | Reached skill level 5 in Summonings
 10405 | Lair:1   | Reached skill level 14 in Spellcasting
 11192 | Lair:2   | Reached XP level 12. HP: 59/59 MP: 11/36
 11301 | Lair:2   | Reached skill level 1 in Hexes
 11950 | Lair:3   | Offered knowledge of Force Lance by Vehumet.
 11982 | Lair:3   | Learned a level 5 spell: Gell's Gravitas
 12169 | Lair:3   | Noticed a six-headed hydra
 12245 | Lair:3   | Killed a six-headed hydra
 12315 | Lair:3   | Found a staircase to the Shoals.
 12789 | Lair:4   | Noticed an eight-headed hydra
 12971 | Lair:4   | Reached skill level 5 in Hexes
 13141 | Lair:4   | Killed an eight-headed hydra
 13389 | Lair:4   | Reached skill level 15 in Spellcasting
 14001 | Lair:5   | Got a spiked shield
 14007 | Lair:5   | Identified the +2 shield "Nobrugg" {Dex+4} (You found it on level 5 of the Lair of Beasts)
 14052 | Lair:5   | Found a hole to the Spider Nest.
 14100 | Lair:5   | Reached skill level 5 in Translocations
 14696 | Lair:5   | Noticed a five-headed hydra
 14856 | Lair:5   | Killed a five-headed hydra
 15108 | Lair:6   | Reached XP level 13. HP: 63/63 MP: 20/37
 15149 | Lair:6   | Found a frozen archway.
 15167 | IceCv    | Entered an ice cave
 15214 | IceCv    | Noticed xeno23's ghost (powerful DrWz)
 15799 | IceCv    | Killed xeno23's ghost
 16466 | Lair:6   | Slain by a fire crab

Action                   |  1- 3 |  4- 6 |  7- 9 | 10-12 | 13-15 || total
-------------------------+-------+-------+-------+-------+-------++-------
Melee: Unarmed           |    18 |       |       |       |       ||    18
       Dagger            |     5 |       |       |       |       ||     5
       Mace              |       |     1 |     3 |    23 |     3 ||    30
 Fire: Blowgun           |       |     3 |    18 |   176 |    18 ||   215
 Cast: Magic Dart        |   108 |   163 |   170 |    41 |    13 ||   495
       Call Imp          |       |     5 |       |     2 |       ||     7
       Flame Tongue      |       |       |    88 |   429 |    27 ||   544
       Mephitic Cloud    |       |       |     9 |    44 |     2 ||    55
       Conjure Flame     |       |       |    14 |    22 |       ||    36
       Fireball          |       |       |     8 |    77 |    31 ||   116
       Repel Missiles    |       |       |     1 |     1 |     1 ||     3
       Blink             |       |       |     1 |       |    17 ||    18
       Sticky Flame      |       |       |     3 |    71 |    14 ||    88
       Slow              |       |       |       |    36 |     5 ||    41
       Control Teleport  |       |       |       |       |     5 ||     5
       Shadow Creatures  |       |       |       |       |     5 ||     5
 Abil: Breathe Fire      |       |       |     1 |       |     2 ||     3
Evoke: Wand              |       |       |       |     6 |    13 ||    19
  Use: Scroll            |     4 |       |     4 |    19 |     4 ||    31
       Potion            |       |     2 |       |     1 |     3 ||     6
 Stab: Sleeping          |       |       |     3 |    30 |     1 ||    34
       Confused          |       |       |       |     7 |       ||     7
       Distracted        |       |       |       |     1 |     1 ||     2
  Eat: Chunk             |     2 |     1 |    12 |    26 |       ||    41
       Meat ration       |       |     1 |       |       |       ||     1
       Fruit             |       |       |       |     1 |       ||     1
       Beef jerky        |       |       |       |       |     3 ||     3
